IL
TIDEWATER TIDES @ RICHMOND BRAVES
04/25/1982
 
TOP OF THE 1ST
Tidewater Tides batting - Pitching for Richmond Braves : RHP Pete Hamm
Pitching: RHP Pete Hamm
Batting: RHB Anthony Lachowetz 0-0: Called Strike
0-1: Foul Ball, location: 2F
0-2: Foul Ball, location: 2F
0-2: SOLO HOME RUN (Flyball, 7D, EV 100.0 MPH), Distance : 366 ft
Batting: RHB German Rivera 0-0: Fly out, F6 (Popup, 6, EV 67.5 MPH)
Batting: RHB Juan Garcia 0-0: Ball
1-0: Foul Ball, location: 2F
1-1: DOUBLE (Line Drive, 7LD, EV 113.1 MPH)
Batting: LHB Dave Kable 0-0: Ball
1-0: Ball
2-0: Fly out, F7 (Flyball, 7, EV 91.9 MPH)
Batting: RHB Mike Rex 0-0: Ball
1-0: Foul Ball, location: 2F
1-1: Ground out 1-3 (Groundball, 13S, EV 73.1 MPH)
Top of the 1st over - 1 run, 2 hits, 0 errors, 1 left on base; Tidewater 1 - Richmond 0
BOTTOM OF THE 1ST
Richmond Braves batting - Pitching for Tidewater Tides : RHP Bud Yanus
Pitching: RHP Bud Yanus
Batting: RHB Dave Stegman 0-0: SOLO HOME RUN (Flyball, 7D, EV 107.5 MPH), Distance : 369 ft
Batting: RHB Mike Fuentes 0-0: Called Strike
0-1: Ball
1-1: Ball
2-1: Called Strike
2-2: Ball
3-2: Foul Ball, location: 2F
3-2: Fly out, F4 (Flyball, 4D, EV 80.0 MPH)
Batting: SHB Howard Johnson 0-0: Called Strike
0-1: Swinging Strike
0-2: DOUBLE (Line Drive, 78M, EV 106.3 MPH)
Batting: LHB Chris Evans 0-0: Ball
Howard Johnson steals 3rd, throwing error, E2
Howard Johnson scores
1-0: Ball
2-0: Fly out, F8 (Flyball, 78D, EV 103.8 MPH)
Batting: RHB John Freitas 0-0: Foul Ball, location: 2F
0-1: Ball
1-1: Ball
2-1: Ball
3-1: Foul Ball, location: 2F
3-2: Fly out, F5 (Popup, 56, EV 58.8 MPH)
Bottom of the 1st over - 2 runs, 2 hits, 1 error, 0 left on base; Tidewater 1 - Richmond 2
TOP OF THE 2ND
Tidewater Tides batting - Pitching for Richmond Braves : RHP Pete Hamm
Batting: RHB Thomas Walker 0-0: Called Strike
0-1: Ball
1-1: Called Strike
1-2: Foul Ball, location: 2F
1-2: Strikes out looking
Batting: LHB Mike Martin 0-0: Foul Ball, location: 2F
0-1: Ground out 3-1 (Groundball, 34S, EV 78.8 MPH)
Batting: RHB Wayne Wilkerson 0-0: Called Strike
0-1: Foul Ball, location: 2F
0-2: SOLO HOME RUN (Line Drive, 89XD, EV 98.8 MPH), Distance : 407 ft
Batting: LHB Thomas Anderson 0-0: Called Strike
0-1: DOUBLE (Flyball, 78XD, EV 98.1 MPH)
Batting: RHB Anthony Lachowetz 0-0: Fly out, F9 (Line Drive, 9D, EV 101.3 MPH)
Top of the 2nd over - 1 run, 2 hits, 0 errors, 1 left on base; Tidewater 2 - Richmond 2
BOTTOM OF THE 2ND
Richmond Braves batting - Pitching for Tidewater Tides : RHP Bud Yanus
Batting: LHB Matt Winters 0-0: Foul Ball, location: 2F
0-1: Called Strike
0-2: Ground out 2-3 (Groundball, 2R, EV 69.4 MPH)
Batting: RHB Craig Kusick 0-0: Ball
1-0: Foul Ball, location: 2F
1-1: Foul Ball, location: 2F
1-2: Strikes out looking
Batting: SHB Julio Cruz 0-0: Ball
1-0: Called Strike
1-1: SINGLE (Groundball, 6S, EV 67.5 MPH) (infield hit)
Batting: RHB Marc Sullivan 0-0: Ball
1-0: Called Strike
1-1: Swinging Strike
1-2: Ball
Julio Cruz steals 2nd base
2-2: Ball
3-2: Foul Ball, location: 2F
3-2: SINGLE (Groundball, 3D, EV 99.4 MPH)
Julio Cruz to third
Julio Cruz scores
Batting: RHB Dave Stegman 0-0: Foul Ball, location: 2F
0-1: Ground out 1-3 (Groundball, 15, EV 72.5 MPH)
Bottom of the 2nd over - 1 run, 2 hits, 0 errors, 1 left on base; Tidewater 2 - Richmond 3
TOP OF THE 3RD
Tidewater Tides batting - Pitching for Richmond Braves : RHP Pete Hamm
Batting: RHB German Rivera 0-0: Fly out, F3 (Popup, 23F, EV 88.8 MPH)
Batting: RHB Juan Garcia 0-0: Swinging Strike
0-1: Ball
1-1: Ball
2-1: Called Strike
2-2: Ball
3-2: Fly out, F5 (Popup, 5SF, EV 81.3 MPH)
Batting: LHB Dave Kable 0-0: Ball
1-0: Called Strike
1-1: Ball
2-1: Foul Ball, location: 2F
2-2: Foul Ball, location: 2F
2-2: Strikes out swinging
Top of the 3rd over - 0 runs, 0 hits, 0 errors, 0 left on base; Tidewater 2 - Richmond 3
BOTTOM OF THE 3RD
Richmond Braves batting - Pitching for Tidewater Tides : RHP Bud Yanus
Batting: RHB Mike Fuentes 0-0: Ground out 3-1 (Groundball, 34, EV 85.6 MPH)
Batting: SHB Howard Johnson 0-0: Ball
1-0: Foul Ball, location: 2F
1-1: Ball
2-1: Ball
3-1: SINGLE (Flyball, 8RS, EV 86.3 MPH)
Batting: LHB Chris Evans 0-0: SINGLE (Groundball, 3S, EV 66.9 MPH) (infield hit)
Howard Johnson to second
Batting: RHB John Freitas 0-0: Ball
1-0: Fly out, F9 (Flyball, 89D, EV 86.3 MPH)
Runner from 2nd tags up, SAFE at 3rd, no throw by RF
Batting: LHB Matt Winters 0-0: Ball
1-0: Foul Ball, location: 2F
1-1: Ball
2-1: Foul Ball, location: 2F
2-2: Ball
3-2: Fly out, F9 (Flyball, 9LS, EV 83.8 MPH)
Bottom of the 3rd over - 0 runs, 2 hits, 0 errors, 2 left on base; Tidewater 2 - Richmond 3
TOP OF THE 4TH
Tidewater Tides batting - Pitching for Richmond Braves : RHP Pete Hamm
Batting: RHB Mike Rex 0-0: Ground out 5-3 (Groundball, 56, EV 103.1 MPH)
Batting: RHB Thomas Walker 0-0: Ground out 6-3 (Groundball, 6MS, EV 84.4 MPH)
Batting: LHB Mike Martin 0-0: Ball
1-0: SINGLE (Groundball, 34D, EV 97.5 MPH)
Batting: RHB Wayne Wilkerson 0-0: Ball
1-0: Ball
2-0: Ball
3-0: Called Strike
3-1: Ground out 5-3 (Groundball, 5S, EV 84.4 MPH)
Top of the 4th over - 0 runs, 1 hit, 0 errors, 1 left on base; Tidewater 2 - Richmond 3
BOTTOM OF THE 4TH
Richmond Braves batting - Pitching for Tidewater Tides : RHP Bud Yanus
Batting: RHB Craig Kusick 0-0: Ball
1-0: Ball
2-0: Ball
3-0: Base on Balls
Batting: SHB Julio Cruz 0-0: Called Strike
0-1: Ball
1-1: Called Strike
1-2: Foul Ball, location: 2F
1-2: Foul Ball, location: 2F
1-2: Ball
2-2: Fly out, F7 (Line Drive, 7, EV 108.8 MPH)
Batting: RHB Marc Sullivan 0-0: Foul Ball, location: 2F
0-1: Called Strike
0-2: Ball
1-2: Ball
2-2: Foul Ball, location: 2F
2-2: Ball
3-2: TRIPLE (Line Drive, 89XD, EV 105.6 MPH)
Craig Kusick scores
Batting: RHB Dave Stegman 0-0: Ground out 6-3 (Groundball, 6, EV 101.9 MPH)
Marc Sullivan scores
Batting: RHB Mike Fuentes 0-0: Ball
1-0: Called Strike
1-1: Ball
2-1: Ball
3-1: Fly out, F9 (Flyball, 9S, EV 83.8 MPH)
Bottom of the 4th over - 2 runs, 1 hit, 0 errors, 0 left on base; Tidewater 2 - Richmond 5
TOP OF THE 5TH
Tidewater Tides batting - Pitching for Richmond Braves : RHP Pete Hamm
Batting: LHB Thomas Anderson 0-0: Ball
1-0: Ball
2-0: SINGLE (Flyball, 7LS, EV 93.1 MPH)
Batting: RHB Anthony Lachowetz 0-0: Called Strike
0-1: Ball
1-1: Ball
2-1: Swinging Strike
2-2: Ball
3-2: Foul Ball, location: 2F
3-2: TRIPLE (Flyball, 89XD, EV 90.6 MPH)
Thomas Anderson scores
Batting: RHB German Rivera 0-0: Ground out 3-1 (Groundball, 34S, EV 85.6 MPH)
Anthony Lachowetz scores
Batting: RHB Juan Garcia 0-0: Ground out U3 (Groundball, 34S, EV 77.5 MPH)
Batting: LHB Dave Kable 0-0: Called Strike
0-1: Ball
1-1: Ball
2-1: Ball
3-1: Foul Ball, location: 2F
3-2: Foul Ball, location: 2F
3-2: SINGLE (Groundball, 6D, EV 98.8 MPH)
Batting: RHB Mike Rex 0-0: Called Strike
0-1: Ball
Wild Pitch!
Dave Kable to second
1-1: Foul Ball, location: 2F
1-2: DOUBLE (Line Drive, 78D, EV 108.1 MPH)
Dave Kable scores
Pitching: RHP Albert Paglione
Batting: RHB Thomas Walker 0-0: Called Strike
0-1: Ground out U3 (Groundball, 34S, EV 84.4 MPH)
Top of the 5th over - 3 runs, 4 hits, 0 errors, 1 left on base; Tidewater 5 - Richmond 5
BOTTOM OF THE 5TH
Richmond Braves batting - Pitching for Tidewater Tides : RHP Bud Yanus
Batting: SHB Howard Johnson 0-0: Called Strike
0-1: Ball
1-1: Foul Ball, location: 2F
1-2: Ground out 5-3 (Groundball, 56, EV 104.4 MPH)
Batting: LHB Chris Evans 0-0: Ball
1-0: Fly out, F8 (Line Drive, 8RM, EV 92.5 MPH)
Batting: RHB John Freitas 0-0: Ball
1-0: Called Strike
1-1: Fly out, F3 (Popup, 34, EV 61.3 MPH)
Bottom of the 5th over - 0 runs, 0 hits, 0 errors, 0 left on base; Tidewater 5 - Richmond 5
TOP OF THE 6TH
Tidewater Tides batting - Pitching for Richmond Braves : RHP Albert Paglione
Batting: LHB Mike Martin 0-0: Called Strike
0-1: Ball
1-1: Ball
2-1: Foul Ball, location: 2F
2-2: Ball
3-2: Ground out U3 (Groundball, 3, EV 86.3 MPH)
Batting: RHB Wayne Wilkerson 0-0: Ball
1-0: Ball
2-0: Ball
3-0: Base on Balls
Batting: LHB Thomas Anderson 0-0: Ball
1-0: Ball
2-0: Ball
3-0: Base on Balls
Wayne Wilkerson to second
Batting: RHB Anthony Lachowetz 0-0: Foul Ball, location: 2F
0-1: Fly out, F9 (Flyball, 89M, EV 92.5 MPH)
Batting: RHB German Rivera 0-0: Ball
1-0: Ball
2-0: SINGLE (Line Drive, 8RS, EV 93.1 MPH)
Wayne Wilkerson to third
Thomas Anderson to second
Runner from 3rd tries for Home, SAFE, throw by CF to home
Batting: RHB Juan Garcia 0-0: Ball
1-0: Called Strike
1-1: Ball
2-1: Ball
3-1: Base on Balls
Thomas Anderson to third
German Rivera to second
Batting: LHB Dave Kable 0-0: Foul Ball, location: 2F
0-1: Foul Ball, location: 2F
0-2: Strikes out looking
Top of the 6th over - 1 run, 1 hit, 0 errors, 3 left on base; Tidewater 6 - Richmond 5
BOTTOM OF THE 6TH
Richmond Braves batting - Pitching for Tidewater Tides : RHP Bud Yanus
Pitching: LHP Austin Martinelli
Batting: LHB Matt Winters 0-0: Ball
1-0: Foul Ball, location: 2F
1-1: Ball
2-1: Ground out 6-3 (Groundball, 6, EV 105.6 MPH)
Batting: RHB Craig Kusick 0-0: Foul Ball, location: 2F
0-1: Foul Ball, location: 2F
0-2: Ball
1-2: Foul Ball, location: 2F
1-2: Foul Ball, location: 2F
1-2: Foul Ball, location: 2F
1-2: Ball
2-2: Ball
3-2: SINGLE (Groundball, 56D, EV 95.0 MPH)
Batting: SHB Julio Cruz 0-0: Foul Ball, location: 2F
0-1: Fielders Choice at 2nd, 6-4 (Groundball, 6, EV 75.6 MPH)
Batting: RHB Marc Sullivan 0-0: Ball
1-0: Ball
Julio Cruz steals 2nd base
2-0: Called Strike
2-1: Called Strike
2-2: Foul Ball, location: 2F
2-2: SINGLE (Groundball, 34D, EV 103.8 MPH)
Julio Cruz to third
Runner from 3rd tries for Home, SAFE, throw by RF to home
Marc Sullivan to second
Batting: RHB Dave Stegman 0-0: SINGLE (Line Drive, 89M, EV 95.6 MPH)
Marc Sullivan to third
Runner from 3rd tries for Home, SAFE, no throw by CF
Batting: RHB Mike Fuentes 0-0: Called Strike
0-1: Ball
Dave Stegman steals 2nd base
1-1: Swinging Strike
1-2: Ball
2-2: Ball
3-2: Fly out, F9 (Flyball, 9D, EV 102.5 MPH)
Bottom of the 6th over - 2 runs, 3 hits, 0 errors, 1 left on base; Tidewater 6 - Richmond 7
TOP OF THE 7TH
Tidewater Tides batting - Pitching for Richmond Braves : RHP Albert Paglione
Batting: RHB Mike Rex 0-0: Ball
1-0: Swinging Strike
1-1: Ball
2-1: DOUBLE (Line Drive, 9LM, EV 108.8 MPH)
Batting: RHB Thomas Walker 0-0: Fly out, F9 (Line Drive, 9, EV 100.0 MPH)
Batting: LHB Mike Martin 0-0: Foul Ball, location: 2F
0-1: Foul Ball, location: 2F
0-2: Ground out 4-3 (Groundball, 4, EV 103.8 MPH)
Mike Rex to third
Batting: RHB Wayne Wilkerson 0-0: Ball
1-0: Foul Ball, location: 2F
1-1: Ball
2-1: Swinging Strike
2-2: Fly out, F5 (Popup, 5SF, EV 74.4 MPH)
Top of the 7th over - 0 runs, 1 hit, 0 errors, 1 left on base; Tidewater 6 - Richmond 7
BOTTOM OF THE 7TH
Richmond Braves batting - Pitching for Tidewater Tides : LHP Austin Martinelli
Batting: SHB Howard Johnson 0-0: Ball
1-0: SINGLE (Groundball, 4MD, EV 100.0 MPH)
Batting: LHB Chris Evans 0-0: Foul Ball, location: 2F
0-1: Called Strike
0-2: Ball
1-2: Strikes out looking
Batting: RHB John Freitas 0-0: Ball
1-0: Ball
Wild Pitch!
Howard Johnson to second
2-0: Intentional Walk
Batting: LHB Matt Winters 0-0: Ball
1-0: Foul Ball, location: 2F
1-1: Ball
2-1: Called Strike
2-2: Ball
3-2: SINGLE (Groundball, 4D, EV 109.4 MPH)
Howard Johnson to third
John Freitas to second
Runner from 3rd tries for Home, SAFE, throw by CF to home
Pitching: RHP Bill Long
Batting: RHB Craig Kusick 0-0: Called Strike
0-1: Ball
1-1: 3-RUN HOME RUN (Flyball, 78XD, EV 105.0 MPH), Distance : 427 ft
Batting: SHB Julio Cruz 0-0: Ground out 4-3 (Groundball, 4, EV 102.5 MPH)
Batting: RHB Marc Sullivan 0-0: Swinging Strike
0-1: Ball
1-1: Ball
2-1: Called Strike
2-2: Strikes out swinging
Bottom of the 7th over - 4 runs, 3 hits, 0 errors, 0 left on base; Tidewater 6 - Richmond 11
TOP OF THE 8TH
Tidewater Tides batting - Pitching for Richmond Braves : RHP Albert Paglione
Batting: LHB Thomas Anderson 0-0: Ball
1-0: Called Strike
1-1: Ball
2-1: Ball
3-1: Ground out 1-3 (Groundball, P, EV 71.3 MPH)
Batting: RHB Anthony Lachowetz 0-0: Ball
1-0: Foul Ball, location: 2F
1-1: Foul Ball, location: 2F
1-2: Strikes out swinging, 2-3 out at first.
Batting: RHB German Rivera 0-0: DOUBLE (Flyball, 8RXD, EV 102.5 MPH)
Batting: RHB Juan Garcia 0-0: Called Strike
0-1: Ball
1-1: Ball
2-1: Ball
3-1: DOUBLE (Flyball, 8LXD, EV 99.4 MPH)
German Rivera scores
Batting: LHB Dave Kable 0-0: Ball
1-0: Foul Ball, location: 2F
1-1: Ball
2-1: Fly out, F8 (Flyball, 8RD, EV 71.9 MPH)
Top of the 8th over - 1 run, 2 hits, 0 errors, 1 left on base; Tidewater 7 - Richmond 11
BOTTOM OF THE 8TH
Richmond Braves batting - Pitching for Tidewater Tides : RHP Bill Long
Batting: RHB Dave Stegman 0-0: Called Strike
0-1: Ball
1-1: Swinging Strike
1-2: Ball
2-2: Strikes out swinging
Batting: RHB Mike Fuentes 0-0: Ball
1-0: Ball
2-0: Called Strike
2-1: Ball
3-1: Ground out 6-3 (Groundball, 6, EV 85.6 MPH)
Batting: SHB Howard Johnson 0-0: Ball
1-0: Called Strike
1-1: Foul Ball, location: 2F
1-2: Ball
2-2: Strikes out swinging
Bottom of the 8th over - 0 runs, 0 hits, 0 errors, 0 left on base; Tidewater 7 - Richmond 11
TOP OF THE 9TH
Tidewater Tides batting - Pitching for Richmond Braves : RHP Albert Paglione
Batting: RHB Mike Rex 0-0: Called Strike
0-1: Ball
1-1: Ground out U3 (Groundball, 34S, EV 93.8 MPH)
Batting: RHB Thomas Walker 0-0: Ball
1-0: Ball
2-0: Called Strike
2-1: Ground out 5-3 (Groundball, 56S, EV 69.4 MPH)
Batting: LHB Mike Martin 0-0: Ground out 4-3 (Groundball, 4, EV 81.9 MPH)
Top of the 9th over - 0 runs, 0 hits, 0 errors, 0 left on base; Tidewater 7 - Richmond 11
Thursday, July 23rd, 2020 - OOTP Baseball 21.5 Build 71